 Dungeon Crawl Stone Soup version 0.17.2-1-ge4368a0 (webtiles) character file.

108 tidbits the Insei (level 4, 4/34 HPs)
             Began as a Demigod Transmuter on Sept 19, 2017.
             Quit the game on level 3 of the Dungeon.
             The game lasted 00:08:47 (1234 turns).

tidbits the Insei (Demigod Transmuter)              Turns: 1234, Time: 00:08:47

Health: 4/34       AC:  2    Str: 13    XL:     4   Next: 33%
Magic:  4/9        EV: 20    Int: 24    God:
Gold:   79         SH:  0    Dex: 21    Spells: 3 memorised, 1 level left

rFire  . . .     SeeInvis .       - Unarmed
rCold  . . .     Clarity  .     (armour currently unavailable)
rNeg   . . .     SustAt   +     (shield currently unavailable)
rPois  x         Gourm    .     (helmet currently unavailable)
rElec  .         Spirit   .     (cloak currently unavailable)
rCorr  .         Warding  .     (gloves currently unavailable)
rMut   .         Stasis   .     (boots currently unavailable)
MR     .....                    (no amulet)
Stlth  ++........               (no ring)
                                j - ring of flight

@: brilliant, lethally poisoned (4 -> 0), spider-form (expiring), not resistant
to hostile enchantments, unstealthy
A: high mp 1, sustain attributes
a: End Transformation, Evoke Flight


You were on level 3 of the Dungeon.
You were not hungry.
You were a venomous arachnid creature.
You visited 1 branch of the dungeon, and saw 3 of its levels.

You collected 79 gold pieces.

Inventory:

Hand Weapons
 h - a +0 hunting sling
   (You took it off a goblin on level 2 of the Dungeon)
 l - a +0 hunting sling
   (You found it on level 1 of the Dungeon)
Missiles
 a - 21 arrows
 e - 58 bolts
 f - 20 sling bullets
 g - 54 stones (quivered)
 k - 8 silver javelins
Armour
 b - a +0 robe (melded)
 E - a +1 helmet (melded)
   (You found it on level 2 of the Dungeon)
Jewellery
 j - a ring of flight (left front leg)
   (You found it on level 1 of the Dungeon)
Scrolls
 n - a scroll of identify {unknown}
 o - a scroll of blinking {unknown}
 p - a scroll of enchant armour {unknown}
 q - a scroll of magic mapping {unknown}
 y - 3 scrolls of remove curse
Potions
 i - a potion of magic
 m - a potion of brilliance
Books
 c - a book of Changes

   Spells                             Type                      Level
   a - Beastly Appendage              Transmutation                1
   b - Sticks to Snakes               Transmutation                2
   c - Spider Form                    Transmutation/Poison         3
   d - Ice Form                       Ice/Transmutation            4
   e - Blade Hands                    Transmutation                5
Comestibles
 d - 2 bread rations
 r - 2 chunks of flesh


   Skills:
 - Level 0.8 Fighting
 - Level 1.7 Dodging
 * Level 4.1 Unarmed Combat
 - Level 2.0 Spellcasting
 + Level 2.9 Transmutations


You had one spell level left.
You knew the following spells:

 Your Spells              Type           Power        Failure   Level  Hunger
e - Beastly Appendage     Trmt           ####..       1%          1    #......
k - Sticks to Snakes      Trmt           ####......   2%          2    ##.....
p - Spider Form           Trmt/Pois      ###.......   6%          3    ###....


Dungeon Overview and Level Annotations

Branches:
Dungeon (3/15)


Innate Abilities, Weirdness & Mutations

You have an increased reservoir of magic (+10% MP).
Your attributes are resistant to harm.


Message History

Your feet morph into talons.
You barely miss the goblin. The goblin hits you.
You hit the goblin.
You kill the goblin!
You have reached level 4!
A bat comes into view.
The bat hits you but does no damage.
You closely miss the bat. Your kick misses the bat.
The bat hits you but does no damage. The bat closely misses you.
The bat barely misses you.
You hit the bat but do no damage. Your kick misses the bat. The bat hits you.
You closely miss the bat. The bat closely misses you.
The bat closely misses you.
You barely miss the bat. Your kick misses the bat.
The bat hits you but does no damage.
You closely miss the bat. You claw the bat, but do no damage.
The bat hits you but does no damage.
You closely miss the bat. The bat barely misses you. The bat barely misses you.
Your transformation is almost over.
The bat hits you but does no damage.
Casting: Beastly Appendage
Confirm with . or Enter, or press ? or * to list all spells.
You extend your transformation's duration.
The bat hits you but does no damage.
You closely miss the bat. You claw the bat, but do no damage.
The bat hits you but does no damage. The bat barely misses you.
You miss the bat. The bat misses you. The bat hits you.
You hit the bat.
You kill the bat!
A giant newt comes into view.
An orc priest comes into view. It is wielding a hand axe.
You see here a scroll of remove curse.
y - 3 scrolls of remove curse (gained 1)
The orc priest mumbles some strange prayers to Beogh against you.
Something smites you!
Your transformation is almost over.
A worm comes into view.
An adder comes into view.
Found a potion of cancellation.
Casting: Beastly Appendage
Confirm with . or Enter, or press ? or * to list all spells.
You create a snake!
Casting: Sticks to Snakes
Confirm with . or Enter, or press ? or * to list all spells.
Your talons disappear.
You turn into a venomous arachnid creature.
Your +1 helmet melds into your body.
Your +0 robe melds into your body.
The orc priest barely misses your ball python.
Your ball python bites the orc priest.
Your ball python closely misses the orc priest.
Your ball python bites the orc priest.
Your ball python grabs the orc priest.
Your ball python constricts the orc priest.
You hit the orc priest but do no damage.
The orc priest is poisoned.
The orc priest is moderately wounded.
Your ball python bites the orc priest.
Your ball python constricts the orc priest.
The orc priest closely misses you.
The orc priest hits your ball python with a hand axe.
Your ball python dies!
The adder bites you.
You are poisoned.
The adder poisons you!
Unknown command.
You hit the orc priest.
The orc priest looks even sicker.
The orc priest is heavily wounded.
You feel sick. The orc priest completely misses you.
The adder closely misses you.
You barely miss the orc priest.
The orc priest is severely wounded.
You feel sick. The adder closely misses you. The orc priest misses you.
You hit the orc priest.
You kill the orc priest!
Your Unarmed Combat skill increases to level 4!
You feel sick. The adder barely misses you.
You feel sick.
You closely miss the adder. The adder misses you. The adder barely misses you.
You miss the adder.
You feel sick. The adder bites you.
* * * LOW HITPOINT WARNING * * *
The giant newt closely misses you.
You barely miss the adder.
Your transformation is almost over.
You feel sick. The adder bites you.
* * * LOW HITPOINT WARNING * * *
The giant newt closely misses you.
You see here a goblin corpse.
* * * LOW HITPOINT WARNING * * *
You feel sick. The adder misses you.
* * * LOW HITPOINT WARNING * * *
You feel sick. The giant newt barely misses you.
Drink which item? (? for menu, Esc to quit)
It was a potion of brilliance.
You feel clever all of a sudden.
* * * LOW HITPOINT WARNING * * *
You feel sick. The adder completely misses you. The adder misses you.
Unknown command.
Are you sure you want to abandon this character and quit the game? (Confirm with "yes".)

##.....###.......
#............#
#.....)......#
#................
#..†..###........
#.....# #........
#lw...# #........
###S....# #........
#.s.....# #........
#.####### #........
#.# ###........ #.#
#..........
#.##########...#...
#.#........#...#...
#.#........#...#...
#.#..##.#..#...#...
#.'..#.#...'...#...


You could see a worm, an adder and a giant newt.

Vanquished Creatures
  2 orc priests (D:3)
  An adder (D:3)
  2 worms
  A giant gecko (D:3)
  A ball python (D:3)
  A hobgoblin (D:1)
  A quokka (D:3)
  9 bats
  2 giant cockroaches
  2 giant newts (D:2)
  6 goblins
  3 kobolds
  5 rats
36 creatures vanquished.

Vanquished Creatures (collateral kills)
  An adder (D:2)
  A worm (D:2)
  2 bats (D:3)
  A jackal (D:3)
5 creatures vanquished.

Grand Total: 41 creatures vanquished

Notes
Turn   | Place    | Note
--------------------------------------------------------------
     0 | D:1      | tidbits the Demigod Transmuter began the quest for the Orb.
     0 | D:1      | Reached XP level 1. HP: 15/15 MP: 5/5
    59 | D:1      | Reached skill level 2 in Spellcasting
   430 | D:2      | Reached skill level 3 in Unarmed Combat
   519 | D:2      | Reached skill level 2 in Transmutations
   519 | D:2      | Reached XP level 2. HP: 19/22 MP: 5/7
   523 | D:2      | Learned a level 2 spell: Sticks to Snakes
   646 | D:3      | Noticed an ogre
   667 | D:3      | Reached XP level 3. HP: 17/27 MP: 5/8
   840 | D:1      | Learned a level 3 spell: Spider Form
  1183 | D:3      | Reached XP level 4. HP: 32/34 MP: 5/9
  1223 | D:3      | Reached skill level 4 in Unarmed Combat
  1234 | D:3      | Quit the game

Action                   |  1- 3 |  4- 6 || total
-------------------------+-------+-------++-------
Melee: Unarmed           |   109 |    16 ||   125
 Cast: Beastly Appendage |    22 |     1 ||    23
       Sticks to Snakes  |     6 |     1 ||     7
       Spider Form       |     5 |     1 ||     6
  Use: Scroll            |     2 |       ||     2
       Potion            |     2 |     1 ||     3
 Stab: Sleeping          |     4 |       ||     4
  Eat: Chunk             |     3 |       ||     3

Table legend:
 A = Turns spent in this place as a percentage of turns spent in the entire game.
 B = Non-inter-level travel turns spent in this place as a percentage of non-inter-level travel turns spent in the entire game.
 C = Inter-level travel turns spent in this place as a percentage of turns spent in this place.
 D = Turns resting spent in this place as a percentage of non-inter-level travel turns spent in this place.
 E = Turns spent auto-exploring this place as a percentage of non-inter-level travel turns spent in this place.
 F = Non-inter-level travel turns spent in this place divided by the number of levels of this place that you've seen.
                   A       B       C       D       E      F
               +-------+-------+-------+-------+-------+----------------------
         Total | 100.0 | 100.0 |   0.0 |   0.0 |   0.0 | 359.7
       Dungeon | 100.0 | 100.0 |   0.0 |   0.0 |   0.0 | 359.7
               +-------+-------+-------+-------+-------+----------------------

Table legend:
 A = Kills in this place as a percentage of kills in entire the game.
 B = Kills by you in this place as a percentage of kills by you in the entire game.
 C = Kills by friends in this place as a percentage of kills by friends in the entire game.
 D = Other kills in this place as a percentage of other kills in the entire game.
 E = Experience gained in this place as a percentage of experience gained in the entire game.
 F = Experience gained in this place divided by the number of levels of this place that you have seen.
                   A       B       C       D       E      F
               +-------+-------+-------+-------+-------+----------------------
         Total | 100.0 | 100.0 | 100.0 |  -nan | 100.0 |  51.7
       Dungeon | 100.0 | 100.0 | 100.0 |  -nan | 100.0 |  51.7
               +-------+-------+-------+-------+-------+----------------------

Vault maps used:
D:1:      dpeg_arrival_pits
D:2:      nicolae_overflow_hidden_temple, first_bread, grunt_ministairs_3
D:3:      kennysheep_generic_room_4
